 Dungeon Crawl Stone Soup version 0.21-a0-272-g984ae92 (webtiles) character file.

61 4thArraOfDagon the Caller (level 3, 0/14 HPs)
             Began as a Felid Summoner on Sept 15, 2017.
             Succumbed to a scorpion's poison
             ... on level 4 of the Dungeon.
             The game lasted 00:03:36 (692 turns).

4thArraOfDagon the Caller (Felid Summoner)           Turns: 692, Time: 00:03:37

Health: 0/14       AC:  1    Str:  2 (4)  XL:     3   Next: 83%
Magic:  4/7        EV: 18    Int: 15 (17) God:
Gold:   49         SH:  0    Dex: 15 (16) Spells: 2/6 levels left
                                        Lives:  0   Deaths: 0

rFire    . . .     SeeInvis +     - Unarmed
rCold    . . .     Gourm    .   (shield unavailable)
rNeg     . . .     Faith    .   (armour unavailable)
rPois    .         Spirit   .   (helmet unavailable)
rElec    .         Reflect  .   (cloak unavailable)
rCorr    .         Harm     .   (gloves unavailable)
MR       .....                  (boots unavailable)
Stlth    +++.......             (no amulet)
HPRegen  0.04/turn              (no ring)
MPRegen  0.10/turn              (no ring)

@: lethally poisoned (0 -> -2), quick
A: no armour, no weapons or thrown items, stealth, claws 1, fangs 3, see
invisible, carnivore 3, speed 1, shaggy fur 1, slow metabolism 1, sharp paws
a: no special abilities


You were on level 4 of the Dungeon.
You were very full.

You visited 1 branch of the dungeon, and saw 4 of its levels.

You collected 49 gold pieces.

Inventory:

Scrolls
 c - a scroll of fear {unknown}
 e - a scroll of recharging {unknown}
 g - a scroll of identify {unknown}
Books
 a - a book of Callings

   Spells                             Type                      Level
   a - Summon Small Mammal            Summoning                    1
   b - Call Imp                       Summoning                    2
   c - Call Canine Familiar           Summoning                    3
   d - Summon Guardian Golem          Hexes/Summoning              3
   e - Summon Lightning Spire         Summoning/Air                4
   f - Summon Ice Beast               Ice/Summoning                4
Comestibles
 b - a meat ration


   Skills:
 + Level 3.0 Dodging
 + Level 3.0 Stealth
 * Level 3.2 Unarmed Combat
 - Level 2.0 Spellcasting
 - Level 4.0 Summonings


You had 2 spell levels left.
You knew the following spells:

 Your Spells              Type           Power        Failure   Level  Hunger
a - Summon Small Mammal   Summ           ##..         4%          1    #......
b - Call Canine Familiar  Summ           ##......     13%         3    ###....


Dungeon Overview and Level Annotations

Branches:
Dungeon (3/15)

Altars:


Innate Abilities, Weirdness & Mutations

You cannot wear armour.
You are incapable of wielding weapons or throwing items.
Your paws allow you to move quietly. (Stealth)
You have sharp claws.
You have razor-sharp teeth.
You have supernaturally acute eyesight. (SInv)
You are carnivorous and can eat meat at any time.
You cover ground quickly.
You are covered in fur. (AC +1)
You have a slow metabolism.
Your sharp claws are effective at attacking unaware monsters.


Message History

You feel sick.
* * * LOW HITPOINT WARNING * * *
You feel sick.
You aren't carrying any potions.
* * * LOW HITPOINT WARNING * * *
You feel sick.
* * * LOW HITPOINT WARNING * * *
You feel sick.
* * * LOW HITPOINT WARNING * * *
You feel sick.
* * * LOW HITPOINT WARNING * * *
You feel sick.
Found 20 arrows.
A giant cockroach comes into view.
Found a stone staircase leading up.
Your hound disappears in a puff of smoke!
Unknown command.
Unknown command.
Unknown command.
You die...

# ### .. .. ## ..###
..... ##.. ....### ...
##.... ......###
#.####......
###.....#####.##........
###......#............
###.................
###.......@......≈
###.r.......##≈≈
##........# #........#
#...........
#.#.........
#..?.........
.(.s.........
###..........


You could see a giant cockroach (sleeping) and a friendly quokka.

Vanquished Creatures
  An orc (D:2)
  A giant cockroach (D:4)
  A hobgoblin (D:2)
  A bat (D:1)
4 creatures vanquished.

Vanquished Creatures (collateral kills)
  2 scorpions (D:4)
  An ooze (D:1)
  2 giant cockroaches
  A kobold (D:1)
6 creatures vanquished.

Grand Total: 10 creatures vanquished

Notes
Turn   | Place    | Note
-------+----------+-------------------------------------------
     0 | D:1      | 4thArraOfDagon the Felid Summoner began the quest for the Orb.
     0 | D:1      | Reached XP level 1. HP: 7/7 MP: 4/4
   157 | D:1      | Reached skill level 1 in Unarmed Combat
   397 | D:2      | You fall through a shaft for 2 floors!
   403 | D:4      | Reached XP level 2. HP: 4/11 MP: 1/6
   416 | D:4      | Noticed a scorpion
   449 | D:4      | Killed a scorpion
   449 | D:4      | Reached XP level 3. HP: 7/14 MP: 0/7
   454 | D:4      | Learned a level 3 spell: Call Canine Familiar
   625 | D:4      | Noticed a scorpion
   666 | D:4      | Killed a scorpion
   692 | D:4      | Succumbed to a scorpion's poison

Vault maps used:
D:1:      scummos_arrival_star
D:3:      cheibrodos_greedy_goblins, marbit_many_paths, uniq_ijyb, uniq_purgy,
          uniq_sigmund
D:4:      kennysheep_slug_shrine, lemuel_round_altar, first_bread

Skill      XL: |  1  2  3 |
---------------+----------+-----
Unarmed Combat | 1 2 3 |  3.2
Dodging        | 3 |  3.0
Stealth        | 3 |  3.0
Spellcasting   | |  2.0
Summonings     | |  4.0

Action                   || total
-------------------------++-------
Melee: Unarmed           ||    16
       Bite              ||     1
 Cast: Summon Small Mamm ||    16
       Call Canine Famil ||     2
  Use: Scroll            ||     2
       Potion            ||     2
 Stab: Sleeping          ||     4
  Eat: Chunk             ||     6
Dodge: Dodged            ||    16

Table legend:
 A = Spawn XP
 B = Non-spawn XP
 C = Spawn XP percentage of total XP
 D = Spawn monster count
 E = Non-spawn monster count
 F = Spawn count percentage of total count
 G = Total turns spent on level
                    A         B        C        D         E        F      G
               +---------+---------+-------+---------+---------+-------+---------
         Total |       0 |      88 |   0.0 |       0 |      10 |   0.0 |   692
               +---------+---------+-------+---------+---------+-------+---------
           D:1 |       0 |       7 |   0.0 |       0 |       4 |   0.0 |   168
           D:2 |       0 |       4 |   0.0 |       0 |       2 |   0.0 |   221
           D:4 |       0 |      77 |   0.0 |       0 |       4 |   0.0 |   295
               +---------+---------+-------+---------+---------+-------+---------
